 Dungeon Crawl Stone Soup version 0.31.0-11-ge490571c62 (webtiles) character file.

Game seed: 7120329506136661788

2781 qw the Nimble (level 9, -7/45 HPs)
             Began as a Spriggan Hunter on Feb 3, 2024.
             Killed from afar by Joseph (10 damage)
             ... with an iceblast
             ... on level 7 of the Dungeon.
             The game lasted 00:00:36 (5798 turns).

qw the Nimble (Spriggan Hunter)                     Turns: 5798, Time: 00:00:36

Health: -7/45      AC:  4    Str:  7    XL:     9   Next: 43%
Magic:  10/10      EV: 27    Int: 11    God:
Gold:   280        SH:  0    Dex: 22    Spells: 8/8 levels left

rFire   . . .        a - +2 shortbow (freeze)
rCold   + . .        (shield currently unavailable)
rNeg    . . .        (body armour restricted)
rPois   .            (helmet restricted)
rElec   .            (no cloak)
rCorr   .            (gloves unavailable)
SInv    +            (boots unavailable)
Will    +....        j - amulet of regeneration
Stlth   ++           g - +4 ring of protection
HPRegen 1.07/turn    b - ring of protection from cold
MPRegen 0.12/turn

%: no passive effects
@: very quick
A: very small, no large weapons, unfitting armour, see invisible, speed 3
a: no special abilities


You were on level 7 of the Dungeon.
You visited 2 branches of the dungeon, and saw 8 of its levels.

You collected 527 gold pieces.
You spent 247 gold pieces at shops.


Innate Abilities, Weirdness & Mutations

You are very small and have problems with some larger weapons.
You are too small for most types of armour.
You have supernaturally acute eyesight. (SInv)
You cover ground extremely quickly. (Speed+++)


   Skills:
 - Level 4.0 Fighting
 - Level 10.0 Ranged Weapons
 + Level 10.9 Dodging
 - Level 1.5 Stealth


You had 8 spell levels left.
You didn't know any spells.
Your spell library was empty.

Inventory:

Hand Weapons
 a - a +2 shortbow of freezing (weapon)
Armour
 c - a +0 robe
 k - a +1 robe of cold resistance
Jewellery
 b - a ring of protection from cold (right hand)
 g - a +4 ring of protection (left hand)
 j - an amulet of regeneration (around neck)
 Y - a +6 ring of strength
Wands
 f - a wand of paralysis (8)
 l - a wand of mindburst (3)
Scrolls
 d - 2 scrolls of identify
Potions
 e - a potion of heal wounds
 h - a potion of enlightenment
 i - a potion of might

Dungeon Overview and Level Annotations

Branches:
Dungeon (7/15)             Temple (1/1) D:4

Altars:
Cheibriados
Dithmenos
Elyvilon
Fedhas
Gozag
Hepliaklqana
Kikubaaqudgha
Makhleb
Nemelex Xobeh
Okawaru
Qazlal
Sif Muna
Trog
Uskayaw
Vehumet
Yredelemnul
Zin
The Shining One

Shops:
D:4 !   D:5 :

Annotations:
D:6 1 runed translucent door, qw's ghost, amateur DEHu
D:7 Joseph


Message History

Items here: %% ( )) [.
You now have 267 gold pieces (gained 13).
Things that are here:
a +0 flail; a +0 dagger
Things that are here:
a +0 flail; a +0 dagger
Items here: %% ( )) [.
Things that are here:
a +0 glaive; a +2 plate armour of cold resistance You see here a quokka corpse.
You see here a river rat corpse.
You see here a rat corpse.
You see here a rat corpse.
You see here a river rat corpse.
You see here a +0 scale mail.
You now have 280 gold pieces (gained 13).
Found 2 stones.
Found an iron altar of Okawaru.
Found a scroll of fear.
Joseph, a Mercenary comes into view.
He is wielding a +0 quarterstaff and carrying a wand of iceblast.
Found 6 stones.
Joseph is nearby!
5791 ||| UPGRADING to +1 robe of cold resistance.
You start removing your armour.
You continue taking off your +0 robe. x2
Joseph shouts!
You hear an angry hiss.
You continue taking off your +0 robe. x2
You finish taking off your +0 robe.
You start putting on your armour.
You continue putting on your +1 robe of cold resistance.
Joseph unwields a +0 quarterstaff.
Joseph wields a +3 sling of flaming.
It bursts into flame!
Joseph shoots a sling bullet.
The sling bullet hits you!! The sling bullet burns you!
You hear an angry hiss.
You continue putting on your +1 robe of cold resistance.
Joseph zaps a wand.
The mass of ice explodes!
The iceblast engulfs you! You partially resist.
You continue putting on your +1 robe of cold resistance.
Joseph zaps a wand.
The mass of ice explodes!
The iceblast engulfs you! You partially resist.
You die...

#.###+###.#(
#.#.#.#.##.#.$$..#...
#.....#.##.#.$..$#... #
#.....#.##.#$._..#... #
#.....#.##.#.$$$.#... #
#.....#.#..#.....#...
####.....#.#..#######@l.
.#.......#.#....@.....#
.####....#.#...(.######
...........#....####
....................?
.#######.###....##### .#
#.# #....# .#######.#
#....# .........# ######
....###..#


You could see Joseph and an iguana.

Vanquished Creatures
  Grinder (D:6)
  Sigmund (D:2)
  Duvessa (D:5)
  An orc warrior (D:7)
  A sky beast (D:7)
  3 ogres
  A centaur (D:6)
  A phantom (D:6)
  2 bullfrogs (D:7)
  A gnoll sergeant (D:7)
  2 scorpions
  5 wights (D:6)
  Dowan (D:5)
  3 killer bees (D:7)
  A bombardier beetle (D:6)
  2 jellies
  3 hounds
  2 orc priests
  2 gnoll boudas
  A sleepcap (D:6)
  4 iguanas
  4 orc wizards
  3 hell rats (D:7)
  Terence (D:3)
  7 adders
  12 gnolls
  6 river rats (D:7)
  A shadow imp (D:6)
  3 white imps
  2 ufetubi
  A dart slug (D:2)
  13 orcs
  11 endoplasms
  4 giant cockroaches
  8 goblins
  8 hobgoblins
  2 jackals (D:3)
  8 quokkas
  3 ball pythons (D:1)
  10 bats
  A frilled lizard (D:3)
  5 kobolds
  15 rats
167 creatures vanquished.

Notes
Turn   | Place    | Note
-------+----------+-------------------------------------------
     0 | D:1      | qw the Spriggan Hunter began the quest for the Orb.
     0 | D:1      | Reached XP level 1. HP: 10/10 MP: 2/2
     0 | D:1      | 0 ||| qw: Version: 0.3-a-158-g18b3111
     0 | D:1      | 0 ||| qw: Game counter: 4250
     0 | D:1      | 0 ||| qw: Melee chars always use a shield: true
     0 | D:1      | 0 ||| qw: God list: Okawaru
     0 | D:1      | 0 ||| qw: Allow faded altars: false
     0 | D:1      | 0 ||| qw: Do Orc after clearing Dungeon:15 true
     0 | D:1      | 0 ||| qw: Do second Lair branch before Depths: true
     0 | D:1      | 0 ||| qw: Lair rune preference: random
     0 | D:1      | 0 ||| qw: Goals: Normal
     0 | D:1      | 0 ||| PLANNING D:1-11
    91 | D:1      | Reached skill level 3 in Dodging
   255 | D:1      | Reached XP level 2. HP: 14/14 MP: 3/3
   694 | D:1      | Reached XP level 3. HP: 18/18 MP: 4/4
   857 | D:1      | 857 ||| UPGRADING to +6 ring of strength.
   858 | D:1      | 858 ||| READING scroll labelled LIAKLURCHUD.
   858 | D:1      | 858 ||| BRANDING +0 shortbow.
   859 | D:1      | 859 ||| READING 3 scrolls labelled UGOMPAFAIL.
   860 | D:1      | 860 ||| READING scroll labelled OSAIKH DYPHO.
   860 | D:1      | 860 ||| IDENTIFYING purple potion
   861 | D:1      | 861 ||| READING scroll labelled ACLOUSSUONE.
   862 | D:1      | 862 ||| DRINKING 2 sedimented pink potions.
   863 | D:1      | 863 ||| DROPPING scroll of butterflies.
   864 | D:1      | 864 ||| DROPPING potion of brilliance.
   865 | D:1      | 865 ||| DROPPING 2 scrolls of fear.
  1136 | D:2      | Identified the +3 scale mail of Risont {rElec rN+}
  1181 | D:2      | Noticed Sigmund
  1182 | D:2      | 1182 ||| FLEEEEING.
  1199 | D:2      | Killed Sigmund
  1200 | D:2      | Reached skill level 6 in Ranged Weapons
  1200 | D:2      | Reached XP level 4. HP: 10/22 MP: 5/5
  1200 | D:2      | Reached XP level 5. HP: 12/25 MP: 6/6
  1486 | D:2      | 1486 ||| READING scroll of identify.
  1486 | D:2      | 1486 ||| IDENTIFYING scroll labelled NIUTHR WYSMUYLA
  1487 | D:2      | 1487 ||| READING 2 scrolls labelled NYGRULAOSY.
  1488 | D:2      | 1488 ||| DROPPING scroll of amnesia.
  1489 | D:2      | 1489 ||| DROPPING scroll of blinking.
  1592 | D:3      | Found a shimmering blue altar of Sif Muna.
  1595 | D:3      | Noticed Terence
  1608 | D:3      | Killed Terence
  1656 | D:3      | Found a bloodstained altar of Trog.
  1872 | D:3      | Found a glowing silver altar of Zin.
  2062 | D:3      | Reached XP level 6. HP: 30/30 MP: 7/7
  2159 | D:3      | Found a stormy altar of Qazlal.
  2352 | D:3      | 2352 ||| UPGRADING to ring of protection from cold.
  2442 | D:4      | Found a hide-covered altar of Uskayaw.
  2465 | D:4      | Reached skill level 6 in Dodging
  2604 | D:4      | Found a staircase to the Ecumenical Temple.
  2605 | D:4      | 2605 ||| PLANNING TEMPLE
  2605 | D:4      | 2605 ||| READING scroll labelled VICUYN HATIUG.
  2605 | D:4      | 2605 ||| ENCHANTING +0 shortbow of freezing.
  2614 | Temple   | Entered the Ecumenical Temple
  2615 | Temple   | 2615 ||| PLANNING D:1-11
  2790 | D:4      | Found Idyojum's Distillery.
  2798 | D:4      | 2798 ||| BUYING 2 potions of heal wounds (130 gold).
  2798 | D:4      | Bought 2 potions of heal wounds for 130 gold pieces
  2798 | D:4      | 2798 ||| BUYING potion of enlightenment (65 gold).
  2798 | D:4      | Bought a potion of enlightenment for 65 gold pieces
  2798 | D:4      | 2798 ||| SHOPLISTING potion of haste (130 gold, have 84).
  2798 | D:4      | 2798 ||| BUYING potion of might (52 gold).
  2798 | D:4      | Bought a potion of might for 52 gold pieces
  2852 | D:4      | 2852 ||| RETREEEEATING.
  2853 | D:4      | 2853 ||| RETREEEEATING.
  2854 | D:4      | 2854 ||| RETREEEEATING.
  2855 | D:4      | 2855 ||| RETREEEEATING.
  2856 | D:4      | 2856 ||| RETREEEEATING.
  2857 | D:4      | 2857 ||| RETREEEEATING.
  2863 | D:4      | HP: 7/30 [gnoll/+0 whip[a gnoll bouda] (6)]
  2864 | D:4      | 2864 ||| DRINKING 5 potions of heal wounds.
  3229 | D:4      | Found a sparkling altar of Nemelex Xobeh.
  3375 | D:4      | Reached XP level 7. HP: 35/35 MP: 8/8
  3421 | D:4      | 3421 ||| UPGRADING to amulet of regeneration.
  3426 | D:4      | 3426 ||| READING scroll of identify.
  3426 | D:4      | 3426 ||| IDENTIFYING smoky emerald potion
  3427 | D:4      | 3427 ||| READING 2 scrolls labelled WITADI JAUFO.
  3428 | D:4      | 3428 ||| DROPPING potion of invisibility.
  3429 | D:4      | 3429 ||| DROPPING scroll of noise.
  3456 | D:5      | Entered Level 5 of the Dungeon
  3456 | D:5      | Found a hazy altar of Hepliaklqana.
  3620 | D:5      | Found Xihum's Book Boutique.
  3689 | D:5      | Noticed Duvessa
  3690 | D:5      | Noticed Dowan
  3699 | D:5      | Killed Dowan
  3706 | D:5      | Killed Duvessa
  4161 | D:5      | 4161 ||| READING scroll of enchant weapon.
  4161 | D:5      | 4161 ||| ENCHANTING +1 shortbow of freezing.
  4350 | D:5      | 4350 ||| READING scroll of identify.
  4350 | D:5      | 4350 ||| IDENTIFYING scroll labelled VEOMU FAYRUGUS
  4351 | D:5      | 4351 ||| READING scroll labelled OWKAOF YBBE.
  4452 | D:5      | 4452 ||| DROPPING scroll of immolation.
  4484 | D:6      | Found a blossoming altar of Fedhas.
  4486 | D:6      | 4486 ||| STAIRDANCE
  4493 | D:6      | 4493 ||| STAIRDANCE
  4548 | D:6      | Reached skill level 3 in Fighting
  4548 | D:6      | Reached XP level 8. HP: 27/40 MP: 9/9
  4700 | D:6      | 4700 ||| RETREEEEATING.
  4715 | D:6      | Reached skill level 9 in Ranged Weapons
  4771 | D:6      | Noticed Grinder
  4772 | D:6      | 4772 ||| ZAPPING wand of mindburst (9) at -3,7 (Grinder;
                  | floor).
  4773 | D:6      | 4773 ||| ZAPPING wand of mindburst (8) at -3,6 (Grinder;
                  | floor).
  4774 | D:6      | 4774 ||| ZAPPING wand of mindburst (7) at -2,5 (Grinder;
                  | floor).
  4775 | D:6      | 4775 ||| ZAPPING wand of mindburst (6) at -2,4 (Grinder;
                  | floor).
  4776 | D:6      | 4776 ||| ZAPPING wand of mindburst (5) at -2,4 (Grinder;
                  | floor).
  4777 | D:6      | 4777 ||| ZAPPING wand of mindburst (4) at 2,6 (Grinder;
                  | floor).
  4777 | D:6      | Killed Grinder
  4778 | D:6      | Reached skill level 9 in Dodging
  4788 | D:6      | Found a runed translucent door.
  4797 | D:6      | Noticed qw's ghost (amateur DEHu)
  4833 | D:6      | 4833 ||| FLEEEEING.
  4834 | D:6      | 4834 ||| FLEEEEING.
  4835 | D:6      | 4835 ||| FLEEEEING.
  4836 | D:6      | 4836 ||| FLEEEEING.
  4840 | D:6      | 4840 ||| STAIRDANCE
  4845 | D:5      | 4845 ||| UPGRADING to +4 ring of protection.
  4849 | D:6      | 4849 ||| STAIRDANCE
  5017 | D:6      | Found a white marble altar of Elyvilon.
  5073 | D:6      | Reached XP level 9. HP: 44/44 MP: 10/10
  5285 | D:7      | 5285 ||| RETREEEEATING.
  5286 | D:7      | 5286 ||| RETREEEEATING.
  5287 | D:7      | 5287 ||| RETREEEEATING.
  5288 | D:7      | 5288 ||| RETREEEEATING.
  5297 | D:7      | HP: 11/44 [killer bee (4)]
  5298 | D:7      | 5298 ||| DRINKING 4 potions of heal wounds.
  5302 | D:7      | HP: 11/44 [poisoned by a killer bee]
  5303 | D:7      | 5303 ||| DRINKING 3 potions of heal wounds.
  5381 | D:6      | Found a burning altar of Makhleb.
  5381 | D:6      | Found a basalt altar of Yredelemnul.
  5412 | D:7      | 5412 ||| RETREEEEATING.
  5414 | D:7      | 5414 ||| RETREEEEATING.
  5416 | D:7      | 5416 ||| RETREEEEATING.
  5417 | D:7      | 5417 ||| RETREEEEATING.
  5418 | D:7      | 5418 ||| RETREEEEATING.
  5419 | D:7      | 5419 ||| RETREEEEATING.
  5434 | D:7      | HP: 8/44 [gnoll sergeant/+0 spear (9)]
  5435 | D:7      | 5435 ||| DRINKING 2 potions of heal wounds.
  5451 | D:7      | 5451 ||| RETREEEEATING.
  5461 | D:7      | 5461 ||| FLEEEEING.
  5462 | D:7      | 5462 ||| FLEEEEING.
  5590 | D:7      | 5590 ||| FLEEEEING.
  5591 | D:7      | 5591 ||| FLEEEEING.
  5592 | D:7      | 5592 ||| FLEEEEING.
  5593 | D:7      | 5593 ||| FLEEEEING.
  5594 | D:7      | 5594 ||| FLEEEEING.
  5785 | D:7      | Found an iron altar of Okawaru.
  5790 | D:7      | Noticed Joseph
  5791 | D:7      | 5791 ||| UPGRADING to +1 robe of cold resistance.
  5797 | D:7      | HP: 2/45 [Joseph/iceblast (12)]
  5798 | D:7      | Killed from afar by Joseph

Levels and vault maps discovered:
D:1:      eino_arrival_cavern_a, layout_basic, dreamdust_wishing_well,
          minmay_stone_trees_medium
D:2:      layout_loops_cross, uniq_sigmund
D:3:      minmay_general_purpose_star, layout_basic,
          nzn_overflow_gifts_of_might_and_magic,
          nicolae_qazlal_eye_of_the_storm, zin_academy
D:4:      layout_basic, nicolae_uskayaw_murder_on_the_dancefloor,
          nemelex_dance_club_becter, minmay_temple_entry_sparse_star,
          serial_shops, shop, minmay_fractal_squares_5
D:5:      layout_loops_corners, mainiacjoe_overflow_chevrons, serial_shops,
          shop, serial_bayou, serial_bayou_shore_a, serial_bayou_lagoon_b,
          serial_bayou_pond_a, serial_bayou_pond_d, serial_bayou_lagoon_a,
          uniq_duvessa
D:6:      minmay_spotlight, layout_rooms, nicolae_overflow_hidden_temple,
          gammafunk_ghost_grave, nrook_campfire, uniq_grinder
D:7:      lemuel_ratsnest, layout_basic, amcnicky_altar_gilded,
          nicolae_grassy_gnolls, uniq_pikel, uniq_joseph, uniq_prince_ribbit1
Temple:   nicolae_temple_bog_church

Skill      XL: |  1  2  3  4  5  6  7  8  9 |
---------------+----------------------------+-----
Dodging        | 3 4 5 6 7 9 10 | 10.9
Ranged Weapons | 6 7 8 9 10 | 10.0
Fighting       | 2 3 4 |  4.0
Stealth        | |  1.5

Action                     |  1- 3 |  4- 6 |  7- 9 || total
---------------------------+-------+-------+-------++-------
   Fire: Shortbow          |    90 |   158 |   333 ||   581
  Evoke: Wand              |       |       |     6 ||     6
    Use: Scroll            |     4 |     3 |     5 ||    12
         Potion            |     1 |     1 |     3 ||     5
 Armour: Robe              |    10 |    18 |    58 ||    86
         Skin              |       |       |     3 ||     3
  Dodge: Dodged            |    33 |    56 |   232 ||   321

Table legend:
 A = Non-vault XP
 B = Vault XP
 C = Vault XP percentage of total XP
 D = Non-vault monster count
 E = Vault monster count
 F = Vault count percentage of total count
                 A         B        C        D         E       F
            +---------+---------+-------+---------+---------+-------
      Total |    2406 |    1567 |  39.4 |     110 |      57 |  34.1
            +---------+---------+-------+---------+---------+-------
        D:1 |      44 |       0 |   0.0 |      26 |       0 |   0.0
        D:2 |      17 |     214 |  92.6 |       8 |       1 |  11.1
        D:3 |      92 |      51 |  35.7 |      14 |       8 |  36.4
        D:4 |     308 |      14 |   4.3 |      22 |       7 |  24.1
        D:5 |     400 |     258 |  39.2 |       8 |       3 |  27.3
        D:6 |    1045 |     415 |  28.4 |      19 |       4 |  17.4
        D:7 |     500 |     615 |  55.2 |      13 |      34 |  72.3
            +---------+---------+-------+---------+---------+-------
